 Dungeon Crawl Stone Soup version 0.28-a0-653-g7e9dba17c3 (webtiles) character file.

Game seed: 423208432064297798

280 blank1 the Skirmisher (level 6, -1/55 HPs)
             Began as a Ghoul Monk on Oct 11, 2021.
             Was a Priest of Makhleb.
             Slain by a black bear (4 damage)
             ... on level 4 of the Dungeon.
             The game lasted 00:05:55 (3040 turns).

blank1 the Skirmisher (Ghoul Monk)                  Turns: 3040, Time: 00:05:56

Health: -1/55      AC:  3    Str: 16    XL:     6   Next: 27%
Magic:  6/6        EV: 12    Int: 11    God:    Makhleb [***...]
Gold:   80         SH:  0    Dex: 12    Spells: 5/5 levels left

rFire   + . .      SeeInvis .     - Unarmed
rCold   + . .      Faith    .   (no shield)
rNeg    + + +      Spirit   .   n - +1 robe "Ezaqarymyt" {rElec rF+ Int+6 Stlth-}
rPois   ∞          Reflect  .   (no helmet)
rElec   +          Harm     .   (no cloak)
rCorr   .          Rampage  .   (no gloves)
Will    .....                   (no boots)
Stlth   +.........              a - amulet of the acrobat
HPRegen 0.00/turn               (no ring)
MPRegen 0.10/turn               (no ring)

@: inhibited regen
A: claws 1, cold resistance 1, negative energy resistance 3, inhibited
regeneration, torment resistance 2
a: Renounce Religion, Minor Destruction, Lesser Servant of Makhleb


You were on level 4 of the Dungeon.
You worshipped Makhleb.
Makhleb was most pleased with you.
You visited 1 branch of the dungeon, and saw 4 of its levels.

You collected 80 gold pieces.

Inventory:

Armour
 h - a +0 scale mail
 n - the +1 robe "Ezaqarymyt" (worn) {rElec rF+ Int+6 Stlth-}
   (You found it on level 4 of the Dungeon)

   Int:       It affects your intelligence (+6).
   rF:        It protects you from fire.
   rElec:     It insulates you from electricity.
   Stlth:     It makes you less stealthy.
Jewellery
 a - an amulet of the acrobat (around neck)
Wands
 l - a wand of digging (5)
Scrolls
 b - a scroll of noise {unknown}
 c - a scroll of blinking
 d - a scroll of teleportation {unknown}
 g - a scroll of immolation {unknown}
 i - 2 scrolls of amnesia {unknown}
 j - a scroll of vulnerability {unknown}
 m - a scroll of brand weapon {unknown}
Potions
 e - 3 potions of curing
 f - 3 potions of brilliance
 k - a potion of mutation


   Skills:
 + Level 4.9 Fighting
 - Level 2.0 Armour
 + Level 3.1 Dodging
 - Level 2.1 Stealth
 + Level 4.8 Unarmed Combat
 + Level 2.3 Invocations


You had 5 spell levels left.
You didn't know any spells.
Your spell library contained the following spells:

 Spells                   Type           Power      Damage    Failure   Level
 Gell's Gravitas          Tloc           0%         N/A       71%         3
 Lesser Beckoning         Tloc           0%         N/A       71%         3
 Teleport Other           Tloc           0%         N/A       71%         3


Dungeon Overview and Level Annotations

Branches:
Dungeon (4/15)
 Temple: D:4-7

Altars:
Makhleb
Nemelex Xobeh
Yredelemnul


Innate Abilities, Weirdness & Mutations

You thrive by killing the living.
You are immune to poison.
You have sharp fingernails.
Your flesh is cold resistant. (rC+)
You are immune to negative energy. (rN+++)
You do not regenerate when monsters are visible.
You are immune to unholy pain and torment.


Message History

The black bear is heavily wounded.
The black bear bites you. The black bear claws you. x2
You barely miss the black bear.
The black bear is moderately wounded.
The black bear bites you.
The black bear claws you but does no damage.
The black bear claws you.
You are too injured to fight recklessly!
You are too injured to fight recklessly!
You are too injured to fight recklessly!
You are too injured to fight recklessly!
You scratch the black bear.
The black bear is heavily wounded.
The black bear completely misses you. The black bear claws you. x2
You scratch the black bear.
The black bear is severely wounded.
The black bear bites you but does no damage.
The black bear claws you. x2
You scratch the black bear. Your claw misses the black bear.
The black bear is severely wounded.
The black bear goes berserk!
You barely miss the black bear.
You claw the black bear, but do no damage.
The black bear is severely wounded.
The black bear barely misses you. The black bear misses you.
The black bear claws you but does no damage.
You scratch the black bear but do no damage.
The black bear is severely wounded.
The black bear barely misses you. The black bear claws you.
* * * LOW HITPOINT WARNING * * *
The black bear barely misses you.
You scratch the black bear.
The black bear is severely wounded.
The black bear bites you.
* * * LOW HITPOINT WARNING * * *
The black bear barely misses you. The black bear closely misses you.
The black bear barely misses you. The black bear claws you.
* * * LOW HITPOINT WARNING * * *
The black bear claws you.
You die...

#......#....##.#
#......#....##.#.#
......#....##.#.#
..........##.#.#
#........##.#.#
#........##.#.#
#........##.#.#
#####........##.#.#
....'........'..@<#
#####........##h#....#
#........##g#^##.#
#........##.#.# #
###########.#.# #.#..
#.### #.#


You could see a black bear (berserk) and a hobgoblin.

Vanquished Creatures
  2 scorpions (D:4)
  A centaur zombie (D:4)
  A hound skeleton (D:4)
  4 adders
  An ufetubus (D:4)
  3 worms
  2 dart slugs
  2 orcs
  2 ball pythons
  5 bats
  10 endoplasms
  3 giant cockroaches
  3 goblins
  8 hobgoblins
  2 quokkas
  5 frilled lizards
  3 kobolds
  4 rats
61 creatures vanquished.

Notes
Turn   | Place    | Note
-------+----------+-------------------------------------------
     0 | D:1      | blank1 the Ghoul Monk began the quest for the Orb.
     0 | D:1      | Reached XP level 1. HP: 19/19 MP: 0/0
   267 | D:1      | Reached XP level 2. HP: 26/26 MP: 1/1
   839 | D:2      | Reached XP level 3. HP: 17/33 MP: 2/2
   850 | D:2      | Reached skill level 1 in Armour
  1204 | D:2      | Found a faded altar of an unknown god.
  1283 | D:2      | Prayed at the altar of an unknown god.
  1283 | D:2      | Became a worshipper of Makhleb the Destroyer
  1283 | D:2      | Reached * piety under Makhleb
  1283 | D:2      | Reached ** piety under Makhleb
  1428 | D:2      | Reached XP level 4. HP: 39/40 MP: 3/3
  1511 | D:2      | Reached *** piety under Makhleb
  1819 | D:3      | Found a burning altar of Makhleb.
  1821 | D:3      | Noticed a green death
  2144 | D:3      | Found a large runed translucent door.
  2144 | D:3      | Found a large runed translucent door.
  2349 | D:3      | Found a sparkling altar of Nemelex Xobeh.
  2359 | D:3      | Found a basalt altar of Yredelemnul.
  2365 | D:3      | Reached skill level 1 in Invocations
  2458 | D:4      | Noticed a scorpion
  2467 | D:4      | Reached XP level 5. HP: 35/46 MP: 4/4
  2657 | D:4      | Identified the +1 robe "Ezaqarymyt" {rElec rF+ Int+6
                  | Stlth-}
  2783 | D:4      | Reached XP level 6. HP: 11/55 MP: 6/6
  2836 | D:4      | Noticed a black bear
  3040 | D:4      | Slain by a black bear

Illustrated notes

Levels and vault maps discovered:
D:1:      minmay_arrival_stair_chambers, layout_loops_ring
D:2:      layout_rooms, serial_aquarium, aquarium_bridge_island_small
          [aquarium_subvault_small_water, aquarium_subvault_window,
          aquarium_subvault_wall, aquarium_subvault_bridge,
          aquarium_subvault_window], aquarium_window_3, aquarium_window_fake,
          aquarium_window_fake, aquarium_window_1, aquarium_view_2d,
          aquarium_pool_S, ebering_ecumenical_altar_mist
D:3:      layout_basic, makhleb_altar_promises_db, jmf_multi_god_temple2
D:4:      layout_basic, minmay_temple_entry_antechambers,
          uniq_crazy_yiuf_cottage

Skill      XL: |  1  2  3  4  5 |
---------------+----------------+-----
Dodging        | 3 |  3.1
Armour         | 1 2 |  2.0
Fighting       | 4 |  4.9
Unarmed Combat | 4 |  4.8
Invocations    | 1 2 |  2.3
Stealth        | |  2.1

Action                   |  1- 3 |  4- 6 || total
-------------------------+-------+-------++-------
Melee: Unarmed           |   101 |   156 ||   257
       Punch             |     2 |     3 ||     5
  Use: Scroll            |       |     4 ||     4
 Stab: Sleeping          |     1 |       ||     1
Armor: Robe              |     5 |     6 ||    11
       Scale mail        |    13 |    48 ||    61
Dodge: Dodged            |    51 |   109 ||   160

Table legend: (Time is in decaauts)
 A = Elapsed time spent in this place.
 B = Non-inter-level travel time spent in this place.
 C = Inter-level travel time spent in this place.
 D = Time resting spent in this place.
 E = Time spent auto-exploring this place.
 F = Levels seen in this place.
 G = Mean time per level.
                   A        B        C        D        E       F      G
               +--------+--------+--------+--------+--------+-----+--------+
         Total |   3021 |   2871 |    150 |    555 |   1785 |   4 |  755.2 |
       Dungeon |   3021 |   2871 |    150 |    555 |   1785 |   4 |  755.2 |
               +--------+--------+--------+--------+--------+-----+--------+

Top non-repeatable levels by time:
     D:2: 952 daAuts
     D:1: 813 daAuts
     D:3: 796 daAuts
     D:4: 459 daAuts
